 Dungeon Crawl Stone Soup version 0.31-a0-455-g1a7b003ef0 (webtiles) character file.

Game seed: 6697572311740046189

249 voltaire321 the Stinger (level 5, -15/38 HPs)
             Began as a Demonspawn Venom Mage on Aug 4, 2023.
             Demolished by Menkaure (19 damage)
             ... on level 5 of the Dungeon.
             The game lasted 00:10:47 (3536 turns).

voltaire321 the Stinger (Demonspawn Venom Mage)     Turns: 3536, Time: 00:10:48

Health: -15/38     AC:  3    Str: 10    XL:     5   Next: 86%
Magic:  0/9        EV: 12    Int: 17    God:
Gold:   973        SH:  0    Dex: 13    Spells: 4/9 levels left

rFire   . . .        c - +1 dagger (flame)
rCold   . . .        (no shield)
rNeg    . . .        a - +0 robe
rPois   .            (no helmet)
rElec   .            (no cloak)
rCorr   .            h - +0 pair of gloves
SInv    .            (no boots)
Will    .....        (no amulet)
Stlth   ++           (no ring)
HPRegen 0.26/turn    (no ring)
MPRegen 0.22/turn

%: guardian spirit
@: no status effects
A: powered by pain 1, magic shield, magic regeneration
a: no special abilities


You were on level 5 of the Dungeon.
You visited 1 branch of the dungeon, and saw 5 of its levels.

You collected 973 gold pieces.

Inventory:

Hand Weapons
 c - a +1 dagger of flaming (weapon)
 p - a +2 dagger of protection
Armour
 a - a +0 robe (worn)
 h - a +0 pair of gloves (worn)
Wands
 f - a wand of flame (7)
Scrolls
 d - a scroll of amnesia {unknown}
 i - a scroll of immolation {unknown}
 k - a scroll of torment
 n - a scroll of silence {unknown}
Potions
 b - a potion of magic
 e - a potion of haste
 g - a potion of resistance {unknown}
 j - a potion of enlightenment {unknown}
 o - a potion of berserk rage {unknown}
 q - a potion of attraction


   Skills:
 + Level 2.2 Fighting
 + Level 2.1 Armour
 + Level 2.7 Dodging
 - Level 1.7 Stealth
 + Level 2.9 Spellcasting
 + Level 1.4 Translocations
 - Level 1.0 Transmutations
 + Level 3.8 Poison Magic


You had 4 spell levels left.
You knew the following spells:

 Your Spells              Type           Power      Damage    Failure   Level
a - Sting                 Tmut/Pois      40%        1d5       7%          1
b - Poisonous Vapours     Pois/Air       16%        N/A       12%         2
c - Blink                 Tloc           14%        N/A       16%         2

Your spell library contained the following spells:

 Spells                   Type           Power      Damage    Failure   Level
 Sublimation of Blood     Necr           2%         N/A       26%         2
 Mephitic Cloud           Conj/Pois/Air  6%         N/A       30%         3
 Volatile Blastmotes      Fire/Tloc      8%         2d10      36%         3
 Olgreb's Toxic Radiance  Pois           15%        N/A       36%         4
 Dazzling Flash           Conj/Hex       4%         N/A       47%         3
 Manifold Assault         Tloc           7%         N/A       69%         4
 Iskenderun's Mystic Bla  Conj/Tloc      4%         2d3       78%         4
 Petrify                  Tmut/Erth      4%         N/A       82%         4
 Fulminant Prism          Conj/Hex       1%         3d5       87%         4
 Agony                    Necr           2%         N/A       99%         5
 Irradiate                Conj/Tmut      2%         3d12      99%         5
 Silence                  Hex/Air        1%         N/A       99%         5


Dungeon Overview and Level Annotations

Branches:
Dungeon (4/15)
 Temple: D:4-7

Altars:
Ru

Annotations:
D:3 1 runed translucent door, Crazy Yiuf
D:5 Menkaure


Innate Abilities, Weirdness & Mutations

You sometimes gain a little power by taking damage.
When hurt, damage is shared between your health and your magic reserves.
You regenerate magic rapidly.


Message History

The adder bites you.
You are poisoned.
The adder poisons you!
You hit the adder. You burn the adder.
You kill the adder!
You feel sick.
Menkaure shouts, "You disturbed my rest!
Die!"
Menkaure calls on the powers of darkness!
Your body is wracked with pain!
You feel sick. Menkaure barely misses you.
You hit Menkaure. You burn Menkaure.
Menkaure is moderately damaged.
You feel sick.
You hit Menkaure but do no damage.
Menkaure is moderately damaged.
You feel sick. Menkaure misses you.
You barely miss Menkaure.
Menkaure is moderately damaged.
You feel sick.
You are no longer poisoned.
Menkaure hits you!
* * * LOW HITPOINT WARNING * * *
You barely miss Menkaure.
Menkaure is moderately damaged.
Menkaure barely misses you.
You hit Menkaure but do no damage.
Menkaure is moderately damaged.
Menkaure barely misses you.
You closely miss Menkaure.
Menkaure is moderately damaged.
You hit Menkaure but do no damage.
Menkaure is moderately damaged.
Menkaure calls on the powers of darkness!
Your body is wracked with pain!
Okay, then.
You hit Menkaure. You burn Menkaure.
Menkaure is moderately damaged.
Menkaure hits you!!
Ouch! That really hurt!
You die...

#.. #.. ..#
#..###..#
#.#.#.#.# #
##...#...#.#
#....#.....
#....#...#
#....#...#.#
#....@M....#
#.........##
###########


You could see Menkaure.

Vanquished Creatures
  Ijyb (D:3)
  Jessica (D:3)
  Natasha (thrice) (D:3)
  4 adders
  A worm (D:3)
  2 dart slugs
  11 orcs (D:3)
  5 ball pythons
  6 endoplasms
  A giant cockroach (D:2)
  10 goblins
  8 hobgoblins
  4 jackals (D:1)
  3 kobolds (D:1)
  3 bats
  A frilled lizard (D:1)
  6 rats
70 creatures vanquished.

Notes
Turn   | Place    | Note
-------+----------+-------------------------------------------
     0 | D:1      | voltaire321 the Demonspawn Venom Mage began the quest for
                  | the Orb.
     0 | D:1      | Reached XP level 1. HP: 13/13 MP: 3/3
    99 | D:1      | Reached skill level 1 in Transmutations
   126 | D:1      | Gained mutation: You regenerate magic rapidly. [demonic
                  | ancestry]
   126 | D:1      | Reached XP level 2. HP: 15/20 MP: 0/5
   264 | D:1      | Learned a level 2 spell: Poisonous Vapours
   473 | D:1      | Learned a level 2 spell: Blink
   517 | D:1      | Reached skill level 1 in Armour
   526 | D:1      | Reached XP level 3. HP: 25/25 MP: 3/6
   743 | D:1      | Reached skill level 1 in Fighting
   952 | D:2      | Found a faded altar of an unknown god.
   997 | D:2      | Found a sacrificial altar of Ru.
  1513 | D:3      | Noticed Jessica
  1527 | D:3      | Killed Jessica
  1528 | D:3      | Gained mutation: When hurt, damage is shared between your
                  | health and your magic reserves. [demonic ancestry]
  1528 | D:3      | Reached XP level 4. HP: 32/32 MP: 0/7
  1601 | D:3      | Found a runed translucent door.
  1602 | D:3      | Noticed Crazy Yiuf
  1889 | D:3      | Noticed Ijyb
  2778 | D:3      | Noticed Natasha
  2786 | D:3      | Killed Natasha
  2787 | D:3      | Reached skill level 1 in Translocations
  2787 | D:3      | Gained mutation: You sometimes gain a little power by
                  | taking damage. [demonic ancestry]
  2787 | D:3      | Reached XP level 5. HP: 27/38 MP: 5/8
  2850 | D:3      | Noticed Natasha
  2909 | D:3      | Killed Natasha
  3040 | D:3      | Killed Ijyb
  3270 | D:3      | Noticed Natasha
  3282 | D:3      | Killed Natasha
  3397 | D:4      | Identified a scroll of acquirement
  3397 | D:4      | Acquired 817 gold pieces
  3518 | D:4      | You fall into a shaft and drop 1 floor!
  3518 | D:5      | Entered Level 5 of the Dungeon
  3521 | D:5      | Noticed Menkaure
  3536 | D:5      | Demolished by Menkaure

Illustrated notes

Levels and vault maps discovered:
D:1:      mushboom_english_gardens, layout_basic
D:2:      layout_loops_cross, hellmonk_ecumenical_altar_pennies_from_heaven,
          basic_altar, grunt_ministairs_15
D:3:      layout_basic, hangedman_abyss_or_decor_lesser_grid,
          kennysheep_generic_room_5, uniq_jessica, uniq_ijyb, uniq_natasha,
          uniq_crazy_yiuf_cottage
D:4:      layout_rooms, uniq_eustachio
D:5:      layout_rooms, grunt_dithmenos_shadows, temple_hall, serial_shops,
          nicolae_shop_advertising_works [nicolae_subvault_shop_adworks],
          uniq_menkaure, uniq_pikel

Skill      XL: |  1  2  3  4  5 |
---------------+----------------+-----
Transmutations | 1 |  1.0
Dodging        | 2 |  2.7
Armour         | 1 2 |  2.1
Fighting       | 1 2 |  2.2
Translocations | 1 |  1.4
Stealth        | |  1.7
Spellcasting   | |  2.9
Poison Magic   | |  3.8

Action                     |  1- 3 |  4- 6 || total
---------------------------+-------+-------++-------
  Melee: Short sword       |     3 |       ||     3
         Dagger            |    33 |    68 ||   101
         Punch             |       |     2 ||     2
   Cast: Sting             |    54 |    56 ||   110
         Poisonous Vapours |     1 |     9 ||    10
    Use: Scroll            |       |     6 ||     6
         Potion            |       |     2 ||     2
   Stab: Sleeping          |     1 |       ||     1
         Distracted        |       |     1 ||     1
 Armour: Robe              |     8 |    13 ||    21
  Dodge: Dodged            |    25 |    49 ||    74

Table legend: (Time is in decaauts)
 A = Elapsed time spent in this place.
 B = Non-inter-level travel time spent in this place.
 C = Inter-level travel time spent in this place.
 D = Time resting spent in this place.
 E = Time spent auto-exploring this place.
 F = Levels seen in this place.
 G = Mean time per level.
                   A        B        C        D        E       F      G
               +--------+--------+--------+--------+--------+-----+--------+
         Total |   3548 |   3433 |    115 |    845 |   1695 |   5 |  709.6 |
       Dungeon |   3548 |   3433 |    115 |    845 |   1695 |   5 |  709.6 |
               +--------+--------+--------+--------+--------+-----+--------+

Top non-repeatable levels by time:
     D:3: 1933 daAuts
     D:1: 902 daAuts
     D:2: 562 daAuts
     D:4: 132 daAuts
     D:5: 17 daAuts
